[Event "Istanbul Open 2018"]
[Site "Istanbul"]
[Date "2018.09.08"]
[Round "9"]
[White "Mohannad, Farhan"]
[Black "Ozveren, Ali Bulent"]
[Result "1-0"]
[ECO "E17"]
[WhiteElo "2201"]
[BlackElo "1849"]
[Annotator "NA"]
[PlyCount "99"]
[EventDate "2018.09.02"]
[EventType "swiss"]
[EventCountry "TUR"]
[SourceTitle "playchess.com"]
[Source "ChessBase"]
[SourceQuality "1"]
[TimeControl "5400+30"]

1. d4 Nf6 2. c4 e6 3. Nf3 b6 4. g3 Bb7 5. Bg2 Be7 6. O-O O-O 7. Re1 d5 8. cxd5 exd5 9. Nc3 Re8 10. Bf4 c6 11. Rc1 Nbd7 {[%emt 0:00:30] LiveBook: 9 Games} 12. a3 Bf8 $14 13. Nh4 g6 14. e4 dxe4 15. Nxe4 Nxe4 16. Rxe4 Nf6 17. Rxe8 Qxe8 18. Qd2 Qd7 19. Bg5 Bg7 20. Re1 Re8 21. Rxe8+ Nxe8 22. Nf3 Qe6 23. Bh6 Bf6 24. h4 Nd6 25. Ne5 Nc4 26. Nxc4 Qxc4 27. Qf4 Qe6 28. Bh3 Qe1+ 29. Kh2 Bd8 30. Qb8 Qe7 31. Qxa7 c5 32. Bg2 Bxg2 33. Qxe7 Bxe7 34. Kxg2 cxd4 35. Kf3 f5 36. Ke2 b5 37. Kd3 Kf7 38. Bc1 Bf6 39. b3 Ke6 40. a4 bxa4 41. bxa4 Kd5 42. Bf4 Bd8 43. Bg5 Bb6 44. Bf6 Ba7 45. a5 Bc5 46. Bd8 Bb4 47. Bb6 h5 48. a6 Kc6 49. Bxd4 Bd6 50. Be3 1-0

[Event "Istanbul Open 2018"]
[Site "Istanbul"]
[Date "2018.09.08"]
[Round "9"]
[White "Abishli, Oghuz"]
[Black "Ozkan, Taha"]
[Result "1-0"]
[ECO "D30"]
[WhiteElo "2099"]
[BlackElo "1997"]
[Annotator "NA"]
[PlyCount "77"]
[EventDate "2018.09.02"]
[EventType "swiss"]
[EventCountry "TUR"]
[SourceTitle "playchess.com"]
[Source "ChessBase"]
[SourceQuality "1"]
[TimeControl "5400+30"]

1. d4 d5 2. c4 c6 3. e3 e6 4. Nf3 Bd6 5. b3 f5 {[%emt 0:00:00] LiveBook: 64 Partien} 6. g3 Nf6 7. Bg2 O-O 8. O-O Nbd7 9. Ba3 Bxa3 10. Nxa3 Qe7 11. Nc2 b6 12. Ne5 Bb7 13. b4 Nxe5 14. dxe5 Ng4 15. cxd5 cxd5 $11 16. f4 Rac8 17. Re1 Rc3 18. h3 Nh6 19. Nd4 Rfc8 20. a3 Qd7 21. Qd2 R8c4 22. Bf1 Rc7 23. Rec1 Qc8 24. Rxc3 Rxc3 25. Nxe6 Rc2 26. Qd3 Rc3 27. Qd4 Rb3 28. Ng5 Qc2 29. Re1 Rxa3 30. e6 Qc7 31. Bg2 Qd6 32. Rc1 Kf8 33. Nxh7+ Kg8 34. Ng5 Kf8 35. Bxd5 Qxd5 36. Rc8+ Ke7 37. Qxg7+ Nf7 38. Qxf7+ Kd6 39. Qc7# 1-0

[Event "Istanbul Open 2018"]
[Site "Istanbul"]
[Date "2018.09.08"]
[Round "9"]
[White "Kuseyri, Mehmet Ali"]
[Black "Gulsoy, Mustafa Alpago"]
[Result "0-1"]
[ECO "D31"]
[WhiteElo "1962"]
[BlackElo "2061"]
[Annotator "NA"]
[PlyCount "76"]
[EventDate "2018.09.02"]
[EventType "swiss"]
[EventCountry "TUR"]
[SourceTitle "playchess.com"]
[Source "ChessBase"]
[SourceQuality "1"]
[TimeControl "5400+30"]

1. d4 d5 2. c4 e6 3. Nc3 a6 4. cxd5 exd5 5. Nf3 h6 6. Bf4 Nf6 {[%emt 0:01:30] LiveBook: 5 Partien} 7. e3 b6 8. Be2 Bb7 9. O-O Bd6 10. Ne5 Nbd7 $14 11. Bg4 Qe7 12. Nxd7 Nxd7 13. Bf3 Nf6 14. Re1 O-O 15. Bxd6 Qxd6 16. Qc2 Rfe8 17. g3 Re7 18. Rab1 c5 19. dxc5 bxc5 20. Na4 Rc8 21. Rbc1 Rec7 22. Qd2 Qe6 23. Qa5 Nd7 24. Bg2 g6 25. Red1 Kh7 26. b4 d4 27. Bxb7 Rxb7 28. exd4 Rb5 29. d5 Qf6 30. Nxc5 Rxa5 31. Nxd7 Qd8 32. Rxc8 Qxc8 33. Nf6+ Kg7 34. bxa5 Kxf6 35. d6 Qc2 36. Rd4 Qxa2 37. Rf4+ Ke6 38. d7 Kxd7 0-1

[Event "Istanbul Open 2018"]
[Site "Istanbul"]
[Date "2018.09.08"]
[Round "9"]
[White "Tirak, Mert"]
[Black "Darban, Morteza"]
[Result "*"]
[ECO "B07"]
[WhiteElo "1941"]
[BlackElo "2333"]
[Annotator "NA"]
[PlyCount "70"]
[EventDate "2018.09.02"]
[EventType "swiss"]
[EventCountry "TUR"]
[SourceTitle "playchess.com"]
[Source "ChessBase"]
[SourceQuality "1"]
[TimeControl "5400+30"]

1. e4 d6 2. d4 g6 3. Nf3 Bg7 4. c3 Nd7 5. Bd3 e5 6. O-O Ngf6 7. Re1 O-O 8. Nbd2 b6 {[%emt 0:02:00] LiveBook: 75 Partien} 9. a4 a5 {[%emt 0:01:30] B07: Pirc Defence: Miscellaneous Systems} 10. Qc2 Bb7 11. dxe5 $146 ({Predecessor:} 11. d5 Nh5 12. Nf1 Ndf6 13. b4 Nf4 14. bxa5 Rxa5 15. c4 Bc8 16. Ne3 Ng4 17. Bd2 {1-0 (52) Dominguez Perez,L (2594)-Chatalbashev,B (2529) Saint Vincent 2002}) 11... dxe5 12. b4 Nh5 13. g3 Qf6 14. Kg2 Qe6 15. Nc4 Nf4+ 16. Bxf4 exf4 17. Rad1 Rfd8 18. Nd4 Qe7 $15 (18... Bxd4 $1 $17 19. cxd4 axb4) 19. bxa5 bxa5 20. Rb1 Nc5 21. Rxb7 f3+ 22. Kxf3 Nxb7 23. e5 Nc5 24. Nc6 Rxd3+ 25. Qxd3 Qe6 26. Ne7+ Qxe7 27. Qd5 Rd8 28. Qc6 Nd3 29. Re3 Nxe5+ 30. Nxe5 Bxe5 31. Kg2 Qd6 32. Qb5 Qd5+ 33. Qxd5 Rxd5 34. c4 Rc5 35. f4 Bd4 *

[Event "Istanbul Open 2018"]
[Site "Istanbul"]
[Date "2018.09.08"]
[Round "9"]
[White "Asgarov, Nihad"]
[Black "Sarikavak, Serdar Ihsan"]
[Result "*"]
[ECO "B84"]
[WhiteElo "1937"]
[BlackElo "1798"]
[Annotator "NA"]
[PlyCount "56"]
[EventDate "2018.09.02"]
[EventType "swiss"]
[EventCountry "TUR"]
[SourceTitle "playchess.com"]
[Source "ChessBase"]
[SourceQuality "1"]
[TimeControl "5400+30"]

1. e4 c5 2. Nf3 d6 3. d4 cxd4 4. Nxd4 Nf6 5. Nc3 {[%emt 0:02:00] LiveBook: 99242 Partien} a6 6. Be3 e6 7. Be2 Nbd7 8. O-O Qc7 9. a4 b6 10. f3 $11 Bb7 11. g4 h6 12. Rf2 d5 13. exd5 Nxd5 14. Nxd5 Bxd5 15. Qf1 Bb7 16. Bc4 Ne5 17. Bb3 Bc5 18. c3 g5 19. Re1 O-O 20. Ba2 Qd7 21. Qh3 Kg7 22. f4 Nd3 23. fxg5 h5 24. Rd2 Nxe1 25. Nf5+ exf5 26. Rxd7 fxg4 27. Qxh5 Bxe3+ 28. Kf1 Bf3 *

[Event "Istanbul Open 2018"]
[Site "Istanbul"]
[Date "2018.09.08"]
[Round "9"]
[White "Tahaoglu, Ugur Barkin"]
[Black "Oztekin, Kerem Can"]
[Result "1-0"]
[ECO "A43"]
[WhiteElo "1893"]
[BlackElo "1943"]
[Annotator "NA"]
[PlyCount "33"]
[EventDate "2018.09.02"]
[EventType "swiss"]
[EventCountry "TUR"]
[SourceTitle "playchess.com"]
[Source "ChessBase"]
[SourceQuality "1"]
[TimeControl "5400+30"]

1. d4 Nf6 2. Nf3 c5 3. d5 e6 4. Nc3 exd5 5. Nxd5 Nxd5 6. Qxd5 Be7 7. Bf4 $14 {[%emt 0:01:30] LiveBook: 11 Games} O-O 8. O-O-O Nc6 9. Bd6 Qa5 10. a3 Bxd6 11. Qxd6 c4 12. Rd5 b5 13. Rg5 c3 14. Qh6 cxb2+ 15. Kxb2 g6 16. Rh5 Re8 17. Ng5 1-0

[Event "Istanbul Open 2018"]
[Site "Istanbul"]
[Date "2018.09.08"]
[Round "9"]
[White "Aydin, Kaan Ayhan"]
[Black "Eryigit, Yakup"]
[Result "1/2-1/2"]
[ECO "B90"]
[WhiteElo "1877"]
[BlackElo "2030"]
[Annotator "NA"]
[PlyCount "87"]
[EventDate "2018.09.02"]
[EventType "swiss"]
[EventCountry "TUR"]
[SourceTitle "playchess.com"]
[Source "ChessBase"]
[SourceQuality "1"]
[TimeControl "5400+30"]

1. e4 c5 2. Nf3 d6 3. d4 cxd4 4. Nxd4 Nf6 5. Nc3 a6 6. Rg1 e5 7. Nb3 $1 {[%emt 0:01:30] LiveBook: 89 Partien} Be6 8. g4 Nc6 9. g5 Nd7 10. Be3 Be7 11. Qd2 O-O 12. h4 f5 13. exf5 Rxf5 (13... Bxf5 $14 14. Nd5 a5) 14. Bh3 a5 $16 15. a3 a4 16. Nc1 g6 17. h5 Qf8 18. Nd5 Bd8 19. Ne2 Ra5 20. Bxf5 Qxf5 21. Ng3 Qf7 22. hxg6 hxg6 23. Nf6+ Nxf6 24. gxf6 d5 25. O-O-O Bxf6 26. Nh5 Bh8 27. Bb6 Rb5 28. Qh6 Bf5 29. Be3 d4 30. Bd2 Bxc2 31. Rg3 Bf5 32. Rdg1 Ne7 33. Bb4 Rb6 34. Bxe7 Qxe7 35. Rxg6+ Rxg6 36. Rxg6+ Bxg6 37. Qxg6+ Bg7 38. Ng3 Qf7 39. Qc2 Qf3 40. Qf5 Bh6+ 41. Kc2 Qc6+ 42. Kd3 Bf4 43. Ne4 Qb5+ 44. Kc2 1/2-1/2

[Event "Istanbul Open 2018"]
[Site "Istanbul"]
[Date "2018.09.08"]
[Round "9"]
[White "Ozsakallioglu, Akin"]
[Black "Nuri, Murad"]
[Result "0-1"]
[ECO "B36"]
[WhiteElo "1861"]
[BlackElo "2284"]
[Annotator "NA"]
[PlyCount "144"]
[EventDate "2018.09.02"]
[EventType "swiss"]
[EventCountry "TUR"]
[SourceTitle "playchess.com"]
[Source "ChessBase"]
[SourceQuality "1"]
[TimeControl "5400+30"]

1. e4 c5 2. Nf3 Nc6 3. c4 g6 4. d4 cxd4 5. Nxd4 Nf6 6. Nc3 d6 7. Be2 Nxd4 8. Qxd4 Bg7 9. Be3 O-O 10. Qd2 a5 {[%emt 0:00:00] B36: Sizilianisch (Maroczy-Aufbau)} 11. f3 (11. O-O a4 12. Bd4 Be6 13. f4 Qa5 14. Rad1 Rac8 15. b3 axb3 16. axb3 b5 17. Bxf6 Bxf6 18. Nxb5 Qxd2 19. Rxd2 Ra8 20. Nc7 Ra3 21. Nxe6 fxe6 {1-0 (58) Yu,Y (2759)-Bu,X (2718) Hangzhou 2018}) 11... a4 12. O-O Qa5 13. Rab1 Be6 14. Rfc1 {[%emt 0:05:30] LiveBook: 67 Games} Rfc8 15. b4 axb3 16. axb3 Qb4 17. Kf1 Nd7 18. Nd5 Qxd2 19. Bxd2 Kf8 20. Be3 $146 ({Vorgänger:} 20. Bg5 f6 21. Be3 f5 22. Nf4 Bf7 23. exf5 gxf5 24. Nd5 b5 25. Rd1 bxc4 26. bxc4 Rab8 {½-½ (26) Dolezal,C (2389)-Mekhitarian,K (2544) Buenos Aires 2017}) 20... Ra3 21. Nb6 Nxb6 22. Bxb6 f5 23. Bd3 Be5 24. g3 f4 25. g4 g5 26. Bf2 Kf7 27. Bg1 $17 h5 28. h3 Kf6 29. Bf2 Rh8 30. Kg2 Rha8 31. Kf1 Ra2 32. Rc2 Rxc2 33. Bxc2 Ra2 34. Bd1 h4 35. Be2 Rc2 36. Bd3 Rd2 37. Be2 Ra2 38. Bb6 Rc2 39. Bf2 Bf7 40. Bb6 Bc3 41. Bd1 Ra2 42. Be2 Ke5 43. Bd8 Kf6 44. Rd1 Be5 45. Rb1 Rc2 46. Bb6 Bc3 47. Bd1 Rd2 48. Bf2 Ra2 49. Be2 Ke5 50. Bb6 Bd4 51. Bd8 Kf6 52. Rd1 Bc5 53. b4 Bxb4 54. Rb1 Ra4 55. Rb2 Be6 56. Bd1 Bxc4+ 57. Be2 b5 58. Bb6 Ke6 59. Bd4 Ba3 60. Bxc4+ Rxc4 61. Rxb5 Rxd4 62. Rxg5 Rd3 63. Kg2 Rd2+ 64. Kh1 Rd1+ 65. Kg2 Rd2+ 66. Kh1 Bc5 67. Rf5 Be3 68. Rh5 Rf2 69. Rxh4 Rxf3 70. Rh6+ Ke5 71. g5 Rg3 72. h4 f3 0-1

[Event "Istanbul Open 2018"]
[Site "Istanbul"]
[Date "2018.09.08"]
[Round "9"]
[White "Emir, Emirhan"]
[Black "Aliakbarov, Anar"]
[Result "0-1"]
[ECO "E82"]
[WhiteElo "1852"]
[BlackElo "2322"]
[Annotator "NA"]
[PlyCount "82"]
[EventDate "2018.09.02"]
[EventType "swiss"]
[EventCountry "TUR"]
[SourceTitle "playchess.com"]
[Source "ChessBase"]
[SourceQuality "1"]
[TimeControl "5400+30"]

1. c4 Nf6 2. Nc3 g6 3. d4 Bg7 4. e4 d6 5. f3 O-O 6. Be3 b6 7. Nge2 c5 8. Qd2 Nc6 9. d5 {[%emt 0:02:30] LiveBook: 63 Games} Ne5 10. Nc1 Ba6 {[%emt 0:01:00] E82: King's Indian: Sämisch: 6...b6} (10... e6 11. Be2 a6 12. O-O exd5 13. exd5 Re8 14. Bg5 Qe7 15. h3 Qf8 16. f4 Ned7 17. f5 h6 18. Bh4 {1-0 (66) Caetano,H (2231)-Cruz,W (2274) Curitiba 2016}) 11. b3 e6 12. Be2 $1 exd5 13. cxd5 Bxe2 14. N1xe2 a6 15. O-O b5 16. Rac1 $146 ({Predecessor:} 16. a4 Qd7 17. Bh6 Bxh6 18. Qxh6 {0-1 (27) Bui,N-Nguyen,M Hanoi 1995}) 16... Re8 17. Kh1 $11 Rc8 18. Ng3 c4 19. Nce2 h5 20. Bg5 Nd3 21. Rc2 h4 22. Bxh4 Nxe4 23. Bxd8 Nxd2 24. Rxd2 Rexd8 25. Ne4 Nc5 26. bxc4 Nxe4 27. fxe4 Rxc4 28. Ng3 Be5 29. Rd3 b4 30. Rdf3 Rd7 31. a3 a5 32. axb4 Rxb4 33. Ra3 a4 34. Re1 Re7 35. Nf1 Bb2 36. Ra2 a3 37. Nd2 f5 38. h3 fxe4 39. Re3 Rd4 40. Nf3 exf3 41. Rxf3 Rd2 0-1

[Event "Istanbul Open 2018"]
[Site "Istanbul"]
[Date "2018.09.08"]
[Round "9"]
[White "Hakkaki Fard, Pedram"]
[Black "Tahaoglu, Erkin"]
[Result "1/2-1/2"]
[ECO "D00"]
[WhiteElo "1815"]
[BlackElo "1613"]
[Annotator "NA"]
[PlyCount "60"]
[EventDate "2018.09.02"]
[EventType "swiss"]
[EventCountry "TUR"]
[SourceTitle "playchess.com"]
[Source "ChessBase"]
[SourceQuality "1"]
[TimeControl "5400+30"]

1. d4 Nf6 2. Bf4 d5 3. e3 Bf5 4. c4 e6 5. Qb3 Nc6 6. Qxb7 Nb4 7. Na3 Nd3+ 8. Bxd3 Bxd3 9. Qc6+ Ke7 10. Bxc7 Qd7 11. Qxa8 Qxc7 12. Nb5 Qa5+ 13. Nc3 Qc7 14. c5 g6 15. c6 Ba6 16. Nb5 Qa5+ 17. Kd1 Bxb5 18. Qb7+ Kd6 19. c7 Bh6 20. c8=N+ Rxc8 21. Qxc8 Ne4 22. Nf3 Nxf2+ 23. Kc2 Bd3+ 24. Kb3 Qb5+ 25. Ka3 Qa5+ 26. Kb3 Bc4+ 27. Kc2 Bd3+ 28. Kb3 Qb5+ 29. Ka3 Qa5+ 30. Kb3 Qb5+ 1/2-1/2

[Event "Istanbul Open 2018"]
[Site "Istanbul"]
[Date "2018.09.08"]
[Round "9"]
[White "Kelpetin, Umut Can"]
[Black "Akin, Yagiz Cinar"]
[Result "0-1"]
[ECO "B07"]
[WhiteElo "1798"]
[BlackElo "1963"]
[Annotator "NA"]
[PlyCount "42"]
[EventDate "2018.09.02"]
[EventType "swiss"]
[EventCountry "TUR"]
[SourceTitle "playchess.com"]
[Source "ChessBase"]
[SourceQuality "1"]
[TimeControl "5400+30"]

1. e4 g6 2. Nc3 Bg7 3. f4 d6 4. Nf3 Nf6 5. Bc4 O-O 6. d3 a6 {[%emt 0:00:00] B07: Pirc-Ufimzew-Verteidigung} (6... c5 7. O-O Nc6 8. Kh1 e6 9. Bb3 Na5 10. Qe1 Nxb3 11. axb3 b6 12. Qh4 Nh5 13. Qxd8 Rxd8 14. e5 f5 15. exd6 Rxd6 {½-½ (44) Gashimov,V (2758)-Zubov,A (2581) Warsaw 2009}) 7. a4 Nc6 8. O-O Bg4 9. Qe1 $146 ({Vorgänger:} 9. h3 Bxf3 10. Qxf3 e6 11. Be3 d5 12. exd5 exd5 13. Bxd5 Nxd5 14. Qxd5 {1-0 (56) Bennett,H (2003)-Fraemohs,P (1981) Auckland 2010}) 9... Bxf3 10. Rxf3 Nd4 11. Rh3 Nxc2 12. Qh4 e6 $2 (12... Nxa1 $19 13. e5 Nh5) 13. f5 $2 (13. Rb1 $17 h5 14. Bb3) 13... Nh5 14. Qg4 exf5 15. exf5 Qf6 16. Ne4 Qxf5 17. Qxf5 gxf5 18. Nc3 Nxa1 19. Rxh5 c6 20. Bf4 d5 $19 21. Ba2 Rfe8 0-1

[Event "Istanbul Open 2018"]
[Site "Istanbul"]
[Date "2018.09.08"]
[Round "9"]
[White "Bayramov, Araz"]
[Black "Gulceken, Sumeyye"]
[Result "1-0"]
[ECO "D02"]
[WhiteElo "1750"]
[BlackElo "1549"]
[Annotator "NA"]
[PlyCount "125"]
[EventDate "2018.09.02"]
[EventType "swiss"]
[EventCountry "TUR"]
[SourceTitle "playchess.com"]
[Source "ChessBase"]
[SourceQuality "1"]
[TimeControl "5400+30"]

1. d4 Nf6 2. Bf4 e6 3. Nf3 d5 4. e3 Bd6 5. Ne5 O-O 6. Bd3 c6 7. Nd2 Nbd7 8. Nxf7 Rxf7 9. Bxd6 Qb6 10. Nb3 Ne8 11. Bf4 c5 12. dxc5 Nxc5 13. Nxc5 Qxc5 14. Be5 Qb4+ 15. Bc3 Qh4 16. O-O Nf6 17. f3 Bd7 18. Qe1 Qh6 19. Be5 g5 20. c4 dxc4 21. Bxc4 Rc8 22. Bb3 Nd5 23. Rd1 Nb6 24. Rd4 Rf5 25. Bg3 Kf8 26. Qd2 Rf7 27. Rd1 Qf6 28. Qa5 Ra8 29. Bc7 Nd5 30. e4 b6 31. Bd6+ Ne7 32. Qb4 Bc6 33. Bxe7+ Qxe7 34. Qxe7+ Rxe7 35. Rd6 Be8 36. Rxe6 Rxe6 37. Bxe6 Ke7 38. Bf5 h6 39. Kf2 a5 40. Ke3 Ra7 41. Rc1 b5 42. g3 b4 43. h4 gxh4 44. gxh4 a4 45. e5 a3 46. b3 Ra8 47. Rc7+ Kf8 48. Rb7 Ra6 49. Rxb4 Rc6 50. Rc4 Rb6 51. Rc7 Bc6 52. Ra7 Rb5 53. f4 Rc5 54. Rxa3 Rc3+ 55. Kd4 Rf3 56. Kc5 Be8 57. Ra8 Ke7 58. Ra7+ Kf8 59. Kd6 Rxf4 60. Ke6 Rb4 61. Kf6 Rxh4 62. Ra8 Rf4 63. e6 1-0

[Event "Istanbul Open 2018"]
[Site "Istanbul"]
[Date "2018.09.08"]
[Round "9"]
[White "Gezici, Omer Ata"]
[Black "Ocakacan, Deniz"]
[Result "1-0"]
[ECO "B51"]
[WhiteElo "1736"]
[BlackElo "1650"]
[Annotator "NA"]
[PlyCount "55"]
[EventDate "2018.09.02"]
[EventType "swiss"]
[EventCountry "TUR"]
[SourceTitle "playchess.com"]
[Source "ChessBase"]
[SourceQuality "1"]
[TimeControl "5400+30"]

1. e4 c5 2. Nf3 d6 3. Bb5+ Nd7 4. O-O Ngf6 5. Re1 a6 6. Bd3 b5 7. c4 g5 8. Nxg5 Ne5 9. Bf1 bxc4 10. d4 cxd3 11. f4 Nc6 12. Bxd3 h6 13. Nf3 Qb6 14. Na3 Na5 15. e5 dxe5 16. fxe5 Nd5 17. Be4 e6 18. Bxd5 exd5 19. Qxd5 Bb7 20. Qd1 Rg8 21. e6 fxe6 22. Nh4 c4+ 23. Be3 Qc6 24. Qh5+ Ke7 25. Re2 Qd5 26. Ng6+ Ke8 27. Ne5+ Kd8 28. Bb6+ 1-0

[Event "Istanbul Open 2018"]
[Site "Istanbul"]
[Date "2018.09.08"]
[Round "9"]
[White "Kocer, Ahmet Doruk"]
[Black "Kavacik, Ahmet"]
[Result "1-0"]
[ECO "B90"]
[WhiteElo "1635"]
[BlackElo "1800"]
[Annotator "NA"]
[PlyCount "69"]
[EventDate "2018.09.02"]
[EventType "swiss"]
[EventCountry "TUR"]
[SourceTitle "playchess.com"]
[Source "ChessBase"]
[SourceQuality "1"]
[TimeControl "5400+30"]

1. e4 c5 2. Nf3 d6 3. d4 cxd4 4. Nxd4 Nf6 5. Nc3 a6 6. h3 e5 7. Nb3 Be7 8. Be3 Be6 9. Be2 d5 $11 10. exd5 Nxd5 11. Nxd5 Bxd5 12. O-O O-O 13. c4 Bc6 14. Qc2 Nd7 15. Rad1 Qc7 16. Bd3 Nf6 17. Qc3 Ne4 18. Qc2 f5 19. a3 b6 20. Rfe1 Rf6 21. f3 Ng3 22. Qf2 Ba4 23. Qc2 Raf8 24. c5 b5 25. Qc3 Rg6 26. Bc2 Kh8 27. Rd5 e4 28. f4 Bh4 29. Nd4 Bxc2 30. Qxc2 Nh5 31. Rf1 Ng3 32. Rd1 Nh5 33. Nxf5 Rxf5 34. Rxf5 Ng3 35. Rf8# 1-0

[Event "Istanbul Open 2018"]
[Site "Istanbul"]
[Date "2018.09.08"]
[Round "9"]
[White "Ekinci, Berkay"]
[Black "Topcu, Tibet Tuna"]
[Result "1-0"]
[ECO "D13"]
[WhiteElo "1612"]
[BlackElo "1590"]
[Annotator "NA"]
[PlyCount "85"]
[EventDate "2018.09.02"]
[EventType "swiss"]
[EventCountry "TUR"]
[SourceTitle "playchess.com"]
[Source "ChessBase"]
[SourceQuality "1"]
[TimeControl "5400+30"]

1. c4 c6 2. g3 d5 3. Bg2 Nf6 4. cxd5 cxd5 5. d4 Nc6 6. Nc3 e6 7. Nf3 Bd6 8. O-O O-O 9. Bf4 a6 10. Na4 Ne4 11. Ne5 Bxe5 12. Bxe5 Nxe5 13. dxe5 Qa5 14. Bxe4 dxe4 15. Qd4 Qd5 16. Rfd1 b5 17. Qc5 Qb7 18. Nb6 Rb8 19. Rd6 Qe7 20. Rc1 f6 21. exf6 Qxf6 22. Rc6 e3 23. Qxe3 Qxb2 24. Nxc8 Qxa2 25. Ne7+ Kh8 26. Qe5 Rbe8 27. Rc7 Rf6 28. Nf5 Qd5 29. Qxd5 exd5 30. Nxg7 Rxe2 31. Nh5 Rf8 32. Ra7 Re6 33. Nf4 Rh6 34. Nxd5 Rd8 35. Nb4 Rhd6 36. Rxa6 Rd2 37. Rb6 Rf8 38. Rf1 Rf5 39. Nc6 Rc5 40. Kg2 Rb2 41. Ra1 Kg7 42. Nd4 Rc7 43. Ne6+ 1-0

[Event "Istanbul Open 2018"]
[Site "Istanbul"]
[Date "2018.09.08"]
[Round "9"]
[White "Topsir, Furkan"]
[Black "Sen, Irem"]
[Result "0-1"]
[ECO "B06"]
[WhiteElo "1550"]
[BlackElo "1670"]
[Annotator "NA"]
[PlyCount "84"]
[EventDate "2018.09.02"]
[EventType "swiss"]
[EventCountry "TUR"]
[SourceTitle "playchess.com"]
[Source "ChessBase"]
[SourceQuality "1"]
[TimeControl "5400+30"]

1. e4 g6 2. d4 Bg7 3. Nc3 c6 4. Nge2 d5 5. e5 f6 6. exf6 exf6 7. h3 Ne7 8. g4 Be6 9. Bg2 Nd7 10. O-O O-O 11. Kh1 Nb6 12. b3 a5 13. a4 Nbc8 14. Nf4 Bf7 15. h4 Nd6 16. Be3 Qd7 17. Qf3 Rae8 18. Rad1 Nec8 19. Kh2 Ne4 20. Nxe4 dxe4 21. Qg3 h6 22. Bh3 g5 23. Nh5 Be6 24. Nxg7 Kxg7 25. f4 exf3 26. Rxf3 Bd5 27. Rf5 Nd6 28. hxg5 hxg5 29. Rdf1 Qe6 30. Bxg5 Ne4 31. Bxf6+ Nxf6 32. Qh4 Nh7 33. g5 Qd6+ 34. Kg1 Be4 35. Rf6 Qxd4+ 36. Kh2 Qd2+ 37. R1f2 Qxg5 38. Rh6 Qxh4 39. Rxh4 Rxf2+ 40. Kg3 Rf3+ 41. Kg4 Nf6+ 42. Kg5 Re5+ 0-1

[Event "Istanbul Open 2018"]
[Site "Istanbul"]
[Date "2018.09.08"]
[Round "9"]
[White "Koc, Deniz"]
[Black "Yildiz, Erhan"]
[Result "*"]
[ECO "C27"]
[WhiteElo "1540"]
[BlackElo "1777"]
[Annotator "NA"]
[PlyCount "91"]
[EventDate "2018.09.02"]
[EventType "swiss"]
[EventCountry "TUR"]
[SourceTitle "playchess.com"]
[Source "ChessBase"]
[SourceQuality "1"]
[TimeControl "5400+30"]

1. e4 e5 2. Nc3 Nc6 3. Bc4 Nf6 4. d3 Bc5 5. f4 d6 6. h3 Na5 7. Bb3 Nxb3 8. axb3 c6 9. Qf3 Qb6 10. Na4 Qa5+ 11. Bd2 Bb4 12. c3 b5 13. cxb4 Qa6 14. fxe5 dxe5 15. Qg3 O-O 16. Bh6 Ne8 17. Be3 f6 18. Ne2 bxa4 19. Bc5 Rf7 20. O-O Be6 21. bxa4 Rd7 22. Ra3 Rad8 23. Nc1 Qb7 24. Rf3 Kh8 25. Nb3 Nc7 26. Na5 Qa6 27. Kh2 Ne8 28. Qe1 Nd6 29. Qc3 Rc8 30. Qc2 Nf7 31. Rc3 Rdc7 32. Rf1 Kg8 33. Rc1 Nd8 34. Qd2 Nb7 35. Nxb7 Qxb7 36. Qc2 Rd7 37. Bf2 Qxb4 38. Rxc6 Rxc6 39. Qxc6 Kf7 40. Rc2 f5 41. exf5 Qf4+ 42. Bg3 Qxf5 43. Rf2 Rxd3 44. Rxf5+ Bxf5 45. Bxe5 g5 46. Qf6+ *

[Event "Istanbul Open 2018"]
[Site "Istanbul"]
[Date "2018.09.08"]
[Round "9"]
[White "Temizer, Umut"]
[Black "Can, Ilhan"]
[Result "1-0"]
[ECO "B00"]
[WhiteElo "1476"]
[BlackElo "1771"]
[Annotator "NA"]
[PlyCount "131"]
[EventDate "2018.09.02"]
[EventType "swiss"]
[EventCountry "TUR"]
[SourceTitle "playchess.com"]
[Source "ChessBase"]
[SourceQuality "1"]
[TimeControl "5400+30"]

1. e4 b6 2. d4 Bb7 3. Nc3 e6 4. Nf3 Bb4 5. Bd3 c5 6. a3 Bxc3+ 7. bxc3 c4 8. Bxc4 Bxe4 9. O-O Ne7 10. Ng5 Bg6 11. Qf3 Nbc6 12. Bd3 O-O 13. Bf4 h6 14. Ne4 d5 15. Ng3 Bxd3 16. Qxd3 Ng6 17. Bd2 e5 18. Rae1 e4 19. Qe2 Na5 20. Nf5 Nc4 21. Bc1 Qf6 22. Qh5 Rad8 23. f3 e3 24. Nxe3 Nxe3 25. Rxe3 Nf4 26. Qe5 Qg5 27. Qxg5 hxg5 28. Re7 Rc8 29. Bd2 a5 30. g3 Ne6 31. Rb7 Rc6 32. Rb1 Rfc8 33. R1xb6 Rxc3 34. Bxc3 Rxc3 35. Rb3 Rxc2 36. Rd3 Rc4 37. Rb5 Nxd4 38. Rxa5 Rc1+ 39. Kg2 Rc2+ 40. Kh3 Ne2 41. Raxd5 Ng1+ 42. Kg4 f6 43. a4 Kh7 44. Kf5 Rf2 45. Ke4 Ra2 46. a5 Ne2 47. Kf5 Nc1 48. Rd2 Ra3 49. Ke6 Nb3 50. R2d3 Nc5+ 51. Rxc5 Rxd3 52. a6 Ra3 53. Rc6 Rxf3 54. a7 Ra3 55. Rc7 Ra6+ 56. Kd7 f5 57. Kc8 f4 58. gxf4 gxf4 59. Kb7 Rxa7+ 60. Kxa7 Kh6 61. Kb6 g5 62. Kc5 g4 63. Kd4 Kg5 64. Ke4 g3 65. hxg3 fxg3 66. Kf3 1-0

[Event "Istanbul Open 2018"]
[Site "Istanbul"]
[Date "2018.09.08"]
[Round "9"]
[White "Sedef, Elif Tuana"]
[Black "Genc, Nuri Gencay"]
[Result "0-1"]
[ECO "B17"]
[WhiteElo "1452"]
[BlackElo "1690"]
[Annotator "NA"]
[PlyCount "118"]
[EventDate "2018.09.02"]
[EventType "swiss"]
[EventCountry "TUR"]
[SourceTitle "playchess.com"]
[Source "ChessBase"]
[SourceQuality "1"]
[TimeControl "5400+30"]

1. e4 c6 2. d4 d5 3. Nc3 dxe4 4. Nxe4 Nd7 5. c3 Ngf6 6. Bd3 Nxe4 7. Bxe4 Nf6 8. Bd3 Bg4 9. Qb3 Qb6 10. Bc4 Qxb3 11. Bxb3 e6 12. Bf4 Nd5 13. Bg3 h5 14. Bxd5 cxd5 15. h3 Bf5 16. Ke2 f6 17. Nf3 g5 18. Nd2 h4 19. Bh2 Rc8 20. f3 Kd7 21. Nf1 Be7 22. Ne3 Bg6 23. Ng4 Bf5 24. Nf2 Rc6 25. Nd3 Rhc8 26. Nc1 b5 27. a3 Ra6 28. Na2 Rac6 29. Nb4 Rc4 30. Nd3 a5 31. Rhc1 Bf8 32. Bg1 Ke8 33. Nc5 a4 34. Be3 Kf7 35. Nd7 R4c6 36. Nxf8 Rxf8 37. Kd2 Kg6 38. Re1 e5 39. Bf2 Re6 40. Re2 Rfe8 41. Rae1 e4 42. Re3 exf3 43. Rxf3 Be4 44. Rfe3 f5 45. R3e2 Kf6 46. Bg1 Bxg2 47. Rxe6+ Rxe6 48. Rxe6+ Kxe6 49. Ke2 Bxh3 50. Kf2 Bg4 51. Kg2 Bd1 52. Bh2 f4 53. Kf2 Kf5 54. Ke1 Bh5 55. Kd2 g4 56. Bg1 g3 57. Ke1 h3 58. Kf1 Bf3 59. Ke1 h2 0-1